 Dungeon Crawl Stone Soup version 0.30-b1-2-g02819fbbbe (webtiles) character file.

Game seed: 6645727018830811129

51 Alarkh the Insei (level 3, -4/29 HPs)
             Began as a Demonspawn Chaos Knight on May 20, 2023.
             Was a Plaything of Xom.
             Slain by an entropy weaver (shapeshifter) (6 damage)
             ... on level 3 of the Dungeon.
             The game lasted 00:02:14 (1951 turns).

Alarkh the Insei (Demonspawn Chaos Knight)          Turns: 1951, Time: 00:02:16

Health: -4/29      AC:  5    Str: 12    XL:     3   Next: 58%
Magic:  3/3        EV:  9    Int: 15    God:    Xom [...*..]
Gold:   98         SH:  9    Dex: 12    Spells: 2/2 levels left

rFire   . .          .
                       - Unarmed
rCold   . . .        j - +2 kite shield
rNeg    . . .        a - +2 leather armour
rPois   .            (no helmet)
rElec   .            (no cloak)
rCorr   .            (no gloves)
SInv    .            (no boots)
Will    .....        g - amulet of faith
Stlth   +            (no ring)
HPRegen 0.24/turn    (no ring)
MPRegen 0.08/turn

%: faith
@: no status effects
A: sturdy frame 1, demonic touch 1
a: Renounce Religion


You were on level 3 of the Dungeon.
You worshipped Xom.
You were a favourite toy of Xom.
You visited 1 branch of the dungeon, and saw 3 of its levels.

You collected 98 gold pieces.

Inventory:

Armour
 a - a +2 leather armour (worn)
 j - a +2 kite shield (worn)
Jewellery
 g - an amulet of faith (around neck)
Scrolls
 c - 3 scrolls of poison {unknown}
 d - 2 scrolls of identify {unknown}
 i - a scroll of fog {unknown}
 k - a scroll of vulnerability {unknown}
 l - a scroll of amnesia {unknown}
 m - a scroll of magic mapping {unknown}
Potions
 e - a potion of ambrosia {unknown}
 f - a potion of degeneration {unknown}
 h - 3 potions of curing {unknown}
 n - a potion of resistance {unknown}
 o - 2 potions of lignification {unknown}
Miscellaneous
 b - a piece from Xom's chessboard (15/15) (quivered)


   Skills:
 + Level 3.5 Fighting
 - Level 1.7 Armour
 - Level 0.8 Dodging
 + Level 0.4 Shields
 * Level 3.7 Unarmed Combat


You had 2 spell levels left.
You didn't know any spells.
Your spell library contained the following spells:

 Spells                   Type           Power      Damage    Failure   Level
 Apportation              Tloc           0%         N/A       77%         1
 Anguish                  Hex/Necr       0%         N/A       100%        4
 Alistair's Intoxication  Tmut/Pois      0%         N/A       100%        5
 Borgnjor's Revivificati  Necr           0%         N/A       100%        8
 Necromutation            Tmut/Necr      0%         N/A       100%        8


Dungeon Overview and Level Annotations

Branches:
Dungeon (3/15)

Altars:
Okawaru


Innate Abilities, Weirdness & Mutations

Your movements are slightly less encumbered by armour. (ER -2)
Your touch may inflict minor irresistible damage on your foes.


Message History

You closely miss the frilled lizard.
The endoplasm quivers.
A hobgoblin comes into view.
The frilled lizard barely misses you.
You barely miss the frilled lizard.
The hobgoblin shouts!
The frilled lizard bites you.
You miss the frilled lizard.
The frilled lizard bites you but does no damage.
You closely miss the frilled lizard. You block the frilled lizard's attack.
The endoplasm freezes you.
You are frozen.
The endoplasm barely misses you.
The frilled lizard bites you but does no damage.
You hit the frilled lizard.
You kill the frilled lizard!
The endoplasm barely misses you.
You barely miss the endoplasm. The endoplasm hits you.
You hit the hobgoblin.
The hobgoblin is heavily wounded.
The hobgoblin hits you but does no damage.
The endoplasm barely misses you.
You hit the hobgoblin.
The hobgoblin is almost dead.
You are now a BORING thing.
You block the hobgoblin's attack. The endoplasm freezes you.
You are frozen.
You hit the hobgoblin.
You kill the hobgoblin! "This might be better!"
The endoplasm changes into a shapeshifter!
You are now a favourite toy of Xom.
The shapeshifter changes into an entropy weaver!
You closely miss the entropy weaver. The entropy weaver hits you!
You emit a cloud of colourful smoke!
The entropy weaver hits you!
* * * LOW HITPOINT WARNING * * *
The entropy weaver hits you.
You die...
Xom is highly amused!

...:............
.............#.>
.............#.#
............#.#
.............#####
#.§§.##.##........
.##.###B§.......†.......
#.....§@§.#.#.#.#.......
#.....##§..........#....
#.... ##.#.#.#.#..#.#..
#... #............###
#.. #.#.#.#.#....### #.
#..............# #
#.#.#.#.#.......
#..........###..
##.####.##.# #..


You could see an entropy weaver shaped shifter.

Vanquished Creatures
  7 ball pythons
  3 bats (D:1)
  3 endoplasms (D:1)
  4 giant cockroaches
  6 goblins
  3 hobgoblins
  5 jackals (D:2)
  3 kobolds (D:1)
  3 quokkas
  3 frilled lizards
  3 rats (D:1)
43 creatures vanquished.

Notes
Turn   | Place    | Note
-------+----------+-------------------------------------------
     0 | D:1      | Alarkh the Demonspawn Chaos Knight began the quest for the
                  | Orb.
     0 | D:1      | Reached XP level 1. HP: 18/18 MP: 1/1
   106 | D:1      | XOM: silly message
   127 | D:1      | Gained mutation: Your movements are slightly less
                  | encumbered by armour. (ER -2) [demonic ancestry]
   127 | D:1      | Reached XP level 2. HP: 23/24 MP: 2/2
   808 | D:1      | Gained mutation: Your touch may inflict minor irresistible
                  | damage on your foes. [demonic ancestry]
   808 | D:1      | Reached XP level 3. HP: 29/29 MP: 3/3
   859 | D:1      | XOM: divination: magic mapping
   990 | D:2      | Found an iron altar of Okawaru.
  1041 | D:2      | Got the Cyclopedia of Mortification
  1231 | D:2      | XOM: torment (13/29 hp)
  1767 | D:2      | XOM: polymorph adder -> frilled lizard
  1950 | D:3      | XOM is BORED!
  1950 | D:3      | an endoplasm changed into a shapeshifter
  1950 | D:3      | Noticed a shapeshifter (shapeshifter)
  1950 | D:3      | XOM: polymorph endoplasm -> shapeshifter
  1950 | D:3      | a shapeshifter changed into an entropy weaver
  1950 | D:3      | Noticed an entropy weaver (shapeshifter)
  1951 | D:3      | XOM: smoke on damage
  1951 | D:3      | Slain by an entropy weaver (shapeshifter)

Illustrated notes

Levels and vault maps discovered:
D:1:      lightli_molten_gateway, layout_loops_ring, reono_crystal_passage
D:2:      layout_basic, basic_altar
D:3:      layout_rooms, serial_glass, glass_columns_a, glass_columns_c,
          glass_columns_c, glass_columns_a, glass_columns_b, glass_columns_a,
          glass_columns_b, glass_columns_a, glass_columns_b, glass_columns_a,
          amcnicky_mini_pool_small, minmay_increasing_density

Skill      XL: |  1 |
---------------+----+-----
Unarmed Combat | 3 |  3.7
Fighting       | |  3.5
Armour         | |  1.7
Dodging        | |  0.8
Shields        | |  0.4

Action                     || total
---------------------------++-------
  Melee: Unarmed           ||   185
         Punch             ||     1
 Armour: Leather armour    ||    66
  Dodge: Dodged            ||   121
  Block: Kite shield       ||    42
